 Dungeon Sprint DCSS version 0.24.0-123-gd5b16e6ec5 (webtiles) character file.

Game seed: 6559973324485882777, levelgen mode: deterministic

17 Groucho the Skirmisher (level 2, -4/30 HPs)
             Began as a Naga Fighter on Jan 4, 2020.
             Was a Believer of Cheibriados.
             Impaled on a porcupine's spines (11 damage)
             ... in the Dungeon (Sprint VII: "The Pits").
             The game lasted 00:02:37 (632 turns).

Groucho the Skirmisher (Naga Fighter)                Turns: 632, Time: 00:02:38

Health: -4/30      AC:  4    Str: 23    XL:     2   Next: 62%
Magic:  3/3        EV:  5    Int: 13    God:    Cheibriados [**....]
Gold:   0          SH: 10    Dex: 15    Spells: 1/1 levels left

rFire    . . .     SeeInvis +   l - +2 hand axe
rCold    . . .     Gourm    .   c - +0 shield
rNeg     . . .     Faith    .   b - +0 scale mail
rPois    +         Spirit   .   (no helmet)
rElec    .         Reflect  .   (no cloak)
rCorr    .         Harm     .   (no gloves)
MR       .....     NoTele   +   (no barding)
Stlth    ..........             (no amulet)
HPRegen  0.10/turn              (no ring)
MPRegen  0.08/turn              (no ring)

@: very slow
A: large, see invisible, deformed body, poison resistance, slowness 2, slow
metabolism 1, spit poison 1, AC +0
a: Spit Poison, Bend Time, Renounce Religion


You were in the Dungeon.
You worshipped Cheibriados.
Cheibriados was pleased with you.
You were not hungry.

You visited 1 branch

Inventory:

Hand Weapons
 e - a +2 mace
 l - a +2 hand axe (weapon)
Missiles
 p - 10 stones (quivered)
Armour
 b - a +0 scale mail (worn)
 c - a +0 shield (worn)
Scrolls
 k - a scroll of blinking
 m - 3 scrolls of remove curse
 n - 5 scrolls of amnesia
 o - a scroll of summoning
Potions
 a - 2 potions of invisibility
 d - a potion of might
 g - a potion of heal wounds
 h - a potion of haste
 i - 4 potions of magic
 j - 3 potions of berserk rage
Comestibles
 f - 9 rations


   Skills:
 + Level 3.7 Fighting
 + Level 3.0 Axes
 + Level 3.1 Armour
 + Level 3.1 Shields
 + Level 1.7 Invocations


You had one spell level left.
You didn't know any spells.
Your spell library was empty.

Dungeon Overview and Level Annotations

Branches:
Dungeon (1/1)

Altars:
Ashenzari
Cheibriados
Dithmenos
Elyvilon
Fedhas
Gozag
Hepliaklqana
Kikubaaqudgha
Makhleb
Nemelex Xobeh
Okawaru
Qazlal
Ru
Sif Muna
Trog
Uskayaw
Vehumet
Wu Jian
Xom
Yredelemnul
Zin
The Shining One
Beogh
Jiyva
Lugonu


Innate Abilities, Weirdness & Mutations

You cannot wear boots.
Your serpentine skin is tough. (AC +0)
You have supernaturally acute eyesight. (SInv)
Armour fits poorly on your strangely shaped body.
Your system is resistant to poisons. (rPois)
You cover ground very slowly.
You have a slow metabolism.
You can spit poison.


Message History

You hit the quokka.
The quokka is moderately wounded.
You block the quokka's attack.
Your shield prevents you from hitting the quokka.
The quokka is moderately wounded.
You block the quokka's attack. The quokka bites you.
You barely miss the quokka.
The quokka is moderately wounded.
You block the quokka's attack.
You slash the quokka!
You kill the quokka!
Cheibriados thoroughly appreciates the change of pace.
Cheibriados raises the support of your attributes as your movement slows.
Your Axes skill increases to level 3!
The porcupine bites you.
You are struck by the porcupine's spines.
* * * LOW HITPOINT WARNING * * *
You closely miss the porcupine. The porcupine barely misses you.
You are struck by the porcupine's spines.
You die...

#.?|.')))'.##......#..
##########.##.........
#...........'.........
+#####'#####......#..
#.....# #.........
#.....# ####'#####
###'### #.......#
#.....# #.......#
#..@..# #.......#
####r## #...<...#
#.K.K....##.......#
#........##.......#
###########.......#
#########


You could see a porcupine and a kobold.

Vanquished Creatures
  An adder (D)
  A leopard gecko (D)
  A bat skeleton (D)
  A giant cockroach (D)
  A quokka (D)
  A leopard gecko skeleton (D)
  A rat (D)
7 creatures vanquished.

Notes
Turn   | Place    | Note
-------+----------+-------------------------------------------
     0 | D        | Groucho the Naga Fighter began the quest for the Orb.
     0 | D        | Reached XP level 1. HP: 21/21 MP: 1/1
    55 | D        | Found a bloodstained altar of Trog.
    55 | D        | Found a shimmering blue altar of Sif Muna.
    55 | D        | Found a viscous altar of Jiyva.
    55 | D        | Found a hazy altar of Hepliaklqana.
    55 | D        | Found an opulent altar of Gozag.
    56 | D        | Found a glowing golden altar of the Shining One.
    56 | D        | Found a glowing silver altar of Zin.
    56 | D        | Found a basalt altar of Yredelemnul.
    56 | D        | Found a shimmering altar of Xom.
    56 | D        | Found an ornate altar of the Wu Jian Council.
    56 | D        | Found a sacrificial altar of Ru.
    56 | D        | Found a stormy altar of Qazlal.
    56 | D        | Found an iron altar of Okawaru.
    56 | D        | Found a sparkling altar of Nemelex Xobeh.
    56 | D        | Found a burning altar of Makhleb.
    56 | D        | Found a blossoming altar of Fedhas.
    56 | D        | Found a white marble altar of Elyvilon.
    56 | D        | Found a shadowy altar of Dithmenos.
    56 | D        | Found a snail-covered altar of Cheibriados.
    59 | D        | Found a corrupted altar of Lugonu.
    59 | D        | Found a radiant altar of Vehumet.
    59 | D        | Found a roughly hewn altar of Beogh.
    60 | D        | Found an ancient bone altar of Kikubaaqudgha.
    60 | D        | Found a hide-covered altar of Uskayaw.
    60 | D        | Found a shattered altar of Ashenzari.
    75 | D        | Became a worshipper of Cheibriados the Contemplative
    97 | D        | Reached skill level 1 in Invocations
    97 | D        | Reached XP level 2. HP: 11/28 MP: 1/3
    99 | D        | Reached * piety under Cheibriados
   491 | D        | Reached ** piety under Cheibriados
   624 | D        | Noticed a porcupine
   632 | D        | Impaled on a porcupine's spines

Levels and vault maps discovered:
D:        pitsprint [storerooms_1, entrance_room_1, metal_vault_3, armoury_2,
          mini_pit_1, grid_room_1, main_hall_1, silver_pit, the_coven_3,
          the_vestibule_1, steel_vault_2, golden_pit, hallway_of_sentries,
          crystal_vault_2, iron_vault_4, final_vault]

Skill      XL: |  1  2 |
---------------+-------+-----
Armour         | 3 |  3.1
Shields        | 3 |  3.1
Invocations    | 1 |  1.7
Axes           | 3 |  3.0
Fighting       | |  3.7

Action                   || total
-------------------------++-------
Melee: War axe           ||    12
       Hand axe          ||    23
  Use: Potion            ||     1
Armor: Scale mail        ||    14
Dodge: Dodged            ||     8
Block: Shield            ||    14
